 Dungeon Crawl Stone Soup version 0.28-a0-1087-gf3fc490d9d (webtiles) character file.

Game seed: 2399506330584775953

29656 flotson the Fighter (level 13, -19/89 HPs)
             Began as a Demonspawn Delver on Dec 3, 2021.
             Was a High Priest of Hepliaklqana.
             Demolished by a dire elephant (31 damage)
             ... on level 6 of the Lair of Beasts on Dec 11, 2021.
             The game lasted 00:38:34 (24403 turns).

flotson the Fighter (Demonspawn Delver)            Turns: 24403, Time: 00:38:35

Health: -19/89     AC: 14    Str: 16    XL:     13   Next: 16%
Magic:  19/19      EV: 30    Int: 11    God:    Hepliaklqana [*****.]
Gold:   934        SH:  4    Dex: 17    Spells: 19/20 levels left

rFire   + . .      SeeInvis .   a - +4 halberd (freeze)
rCold   . . .      Faith    .   (shield currently unavailable)
rNeg    . . .      Spirit   .   w - +0 ring mail
rPois   .          Reflect  .   (helmet restricted)
rElec   .          Harm     +   J - scarf {harm}
rCorr   .          Rampage  .   (no gloves)
Will    .....                   L - +0 pair of boots
Stlth   ++........              x - amulet of the acrobat
HPRegen 0.24/turn               s - ring of flight
MPRegen 0.16/turn               y - ring of protection from fire

@: about to teleport, acrobatic, flying
A: reduced essence, horns 2, slimy green scales 1, icemail 1, condensation
shield, demonic magic 1
a: Renounce Religion, Recall Ancestor, Ancestor Identity, Transference, Idealise


You were on level 6 of the Lair of Beasts.
You worshipped Hepliaklqana.
Hepliaklqana was extremely pleased with you.
You visited 3 branches of the dungeon, and saw 17 of its levels.
You also visited: Sewer.

You collected 934 gold pieces.

Inventory:

Hand Weapons
 a - a +4 halberd of freezing (weapon)
 b - a +0 hand crossbow
 t - a +0 trident
Missiles
 l - 2 throwing nets
 C - 15 boomerangs
 G - 161 bolts
 P - 65 poisoned darts
 R - 2 javelins (quivered)
Armour
 w - a +0 ring mail (worn)
 D - the +2 plate armour of Fiorait {Str+3 SInv}
   (You found it on level 3 of the Lair of Beasts)

   Str:       It affects your strength (+3).
   SInv:      It lets you see invisible.
 H - a +0 kite shield
 J - a scarf of harm (worn)
 L - a +0 pair of boots (worn)
Jewellery
 s - a ring of flight (left hand)
 x - an amulet of the acrobat (around neck)
 y - a ring of protection from fire (right hand)
 I - a ring of resist corrosion
 O - a ring of ice
Wands
 d - a wand of mindburst (3)
 g - a wand of digging (3)
 r - a wand of charming (4)
 B - a wand of iceblast (19)
 F - a wand of paralysis (7)
 M - a wand of flame (31)
Scrolls
 c - 2 scrolls of fog
 f - 4 scrolls of enchant weapon
 h - 3 scrolls of teleportation
 i - 3 scrolls of blinking {unknown}
 k - a scroll of enchant armour {unknown}
 o - 2 scrolls of amnesia {unknown}
 q - 2 scrolls of magic mapping
 v - a scroll of summoning {unknown}
 E - a scroll of silence {unknown}
 N - a scroll of vulnerability {unknown}
 S - a scroll of holy word {unknown}
 V - a scroll of identify
Potions
 j - 5 potions of flight
 m - 3 potions of heal wounds
 n - 2 potions of mutation
 p - 6 potions of might
 u - 3 potions of ambrosia
 z - 4 potions of attraction
 A - a potion of lignification
 K - 3 potions of curing
 T - a potion of haste
 U - a potion of magic
Miscellaneous
 Q - a lightning rod (3/4)


   Skills:
 + Level 8.7 Fighting
 - Level 3.8(5.7) Axes
 + Level 6.6(7.1) Polearms
 - Level 2.8 Crossbows
 + Level 6.8 Throwing
 + Level 7.4 Armour
 + Level 7.6 Dodging
 - Level 5.2 Stealth
 + Level 6.6 Shields
 - Level 4.0 Spellcasting
 - Level 4.4 Conjurations
 - Level 4.0 Fire Magic
 - Level 1.0 Invocations
 + Level 7.8 Evocations


You had 19 spell levels left.
You knew the following spells:

 Your Spells              Type           Power      Damage    Failure   Level
a - Foxfire               Conj/Fire      44%        2x1d6     7%          1

Your spell library contained the following spells:

 Spells                   Type           Power      Damage    Failure   Level
 Shock                    Conj/Air       28%        1d4       17%         1
 Static Discharge         Conj/Air       7%         N/A       26%         2
 Beastly Appendage        Tmut           4%         N/A       38%         1
 Slow                     Hex            8%         N/A       38%         1
 Sting                    Tmut/Pois      8%         1d3       38%         1
 Dazzling Flash           Conj/Hex       14%        N/A       45%         3
 Corpse Rot               Necr/Air       4%         N/A       52%         2
 Poisonous Vapours        Pois/Air       4%         N/A       52%         2
 Wereblood                Tmut           2%         N/A       52%         2
 Confusing Touch          Hex            2%         N/A       77%         3
 Spider Form              Tmut/Pois      2%         N/A       77%         3
 Swiftness                Air            2%         N/A       77%         3
 Vampiric Draining        Necr           2%         2d6       77%         3
 Iskenderun's Mystic Bla  Conj/Tloc      7%         2d4       86%         4
 Airstrike                Air            1%         N/A       99%         4
 Olgreb's Toxic Radiance  Pois           2%         N/A       99%         4
 Lightning Bolt           Conj/Air       3%         1d15      99%         5
 Summon Forest            Summ/Tloc      1%         N/A       100%        5
 Starburst                Conj/Fire      5%         6d4       100%        6
 Haunt                    Necr/Summ      1%         N/A       100%        7
 Lehudib's Crystal Spear  Conj/Erth      3%         10d3      100%        8
 Maxwell's Capacitive Co  Air            1%         ∞         100%        8


Dungeon Overview and Level Annotations

Branches:
Dungeon (10/15)            Temple (1/1) D:4            Lair (6/6) D:8
 Shoals (0/4) Lair:3       Spider (0/4) Lair:4        Sewer (visited)
  Slime: Lair:5-6       Orc: D:9-12

Altars:
Ashenzari
Cheibriados
Dithmenos
Elyvilon
Fedhas
Gozag
Hepliaklqana
Kikubaaqudgha
Makhleb
Nemelex Xobeh
Okawaru
Qazlal
Ru
Sif Muna
Trog
Uskayaw
Vehumet
Wu Jian
Xom
Yredelemnul
Zin
The Shining One

Annotations:
Lair:2 3 runed translucent doors, Mium Ilu's ghost, journeyman MiFi


Innate Abilities, Weirdness & Mutations

Your life essence is reduced to manifest your ancestor. (-10% HP)
You have a pair of horns on your head.
You are partially covered in slimy green scales. (AC +2)
A meltable icy envelope protects you from harm. (AC +4)
A meltable shield of frost defends you. (SH +4)
Spells you cast may paralyse adjacent enemies.


Message History

The harpy claws Huemac.
The dire elephant tramples you!!
You are shoved backwards!
Huemac barely misses the harpy.
The foxfire hits the dire elephant.
The dire elephant is moderately wounded.
The foxfire hits the dire elephant.
The dire elephant is moderately wounded.
Huemac gestures at the harpy while chanting.
The harpy resists with significant effort.
The dire elephant closely misses you.
The dire elephant trunk-slaps you but does no damage.
The harpy completely misses you. x2
The harpy completely misses you. The harpy closely misses you.
The harpy screeches!
The harpy closely misses you. x2
The harpy screeches!
The harpy closely misses you. x2
The harpy claws you. The harpy misses you. The harpy completely misses you. x2
The harpy completely misses you. You block the harpy's attack.
The harpy completely misses you. You block the harpy's attack.
The harpy barely misses you. x2
Huemac gestures at the dire elephant while chanting.
The dire elephant resists with almost no effort.
The harpy claws you! The harpy closely misses you. The harpy misses you.
The harpy claws you.
Huemac casts a spell at the dire elephant.
The dire elephant resists with almost no effort.
Found a robe.
You block the harpy's attack. The harpy misses you.
A wind drake comes into view.
A blink frog comes into view.
The harpy completely misses you. x2
As you read the scroll of teleportation, it crumbles to dust.
You feel strangely unstable.
The harpy screeches!
The blink frog croaks.
The harpy misses you. You block the harpy's attack.
The dire elephant closely misses you.
The dire elephant completely misses you.
The harpy claws you!
* * * LOW HITPOINT WARNING * * *
The harpy claws you but does no damage. The dire elephant tramples you!!
You die...

#....P#
#..................≈
#.....P#
#.............(....≈
....####
##........#....F.....
#....
#.........#...#§§....
....#
###...P.....((.<(...≈
##.RP.#....F.P.....≈
##P..#.......P#.....≈
#.P.YH...............
#...@.......##......≈
##........## #.....<≈
#k.....### #.......
......#..# #.......
......#F### #...##..
..#..[..#.#


PSP.. .#. . #.##..... .... . . ## ......P P.# . . .. .. . You could see the
friendly Huemac the hexer, a dire elephant (drained, ally target), a wind drake
(repels missiles), a harpy and a blink frog.

Vanquished Creatures
  Nessos (Lair:5)
  A hydra (Lair:6)
  Fannar (D:10)
  3 two-headed ogres (D:9)
  2 elephants (Lair:5)
  4 black mambas
  Joseph (D:7)
  4 cane toads
  6 komodo dragons
  5 torpor snails (Lair:3)
  2 jumping spiders (Lair:4)
  A troll (D:9)
  A wind drake (Lair:6)
  A polar bear (Lair:3)
  4 dream sheep
  2 blink frogs
  A snapping turtle (Lair:3)
  A redback (Lair:4)
  A wyvern (D:9)
  38 yaks
  A steam dragon (D:8)
  An acid dragon (D:9)
  Duvessa (D:7)
  12 water moccasins
  An ice beast (D:7)
  5 orc warriors
  A black bear (Lair:2)
  A sky beast (D:6)
  An ogre (D:6)
  A necrophage (D:6)
  5 wolves (Lair:2)
  3 centaurs
  A phantom (D:5)
  4 kobold brigands
  8 bullfrogs
  Dowan (D:7)
  A wyvern skeleton (D:7)
  7 wights (D:8)
  A howler monkey (D:10)
  6 centaur zombies
  A bullfrog zombie (D:3)
  5 orc priests
  2 jellies
  2 gnoll shamans
  A hound (D:7)
  Jessica (D:3)
  A scorpion zombie (D:5)
  Ijyb (D:3)
  9 orc wizards
  4 killer bee zombies
  A hound skeleton (D:3)
  2 howler monkey zombies
  5 gnolls
  A hexer (D:7)
  8 adders
  A shadow imp (D:6)
  A white imp (D:7)
  3 dart slugs (D:1)
  3 worms
  27 orcs
  6 endoplasms
  4 giant cockroaches
  8 goblins
  9 hobgoblins
  6 jackals
  12 kobolds
  A quokka (D:2)
  12 ball pythons
  9 bats
  5 frilled lizards
  9 rats
302 creatures vanquished.

Vanquished Creatures (collateral kills)
  A hydra (Lair:2)
  An elephant (Lair:4)
  5 cane toads
  A kobold demonologist (D:10)
  An unseen horror (D:10)
  2 komodo dragons
  A hornet (D:10)
  5 yaks
  A water moccasin (Lair:3)
  2 ice beasts
  2 black bears
  A sky beast (D:7)
  2 ogres (D:7)
  A wolf (Lair:2)
  2 bullfrogs
  3 wights (D:8)
  2 howler monkeys (D:10)
  2 centaur zombies
  An iguana (D:5)
  A howler monkey zombie (D:8)
  A gnoll (D:8)
  A white imp (D:8)
  8 orcs
  2 kobolds
49 creatures vanquished.

Vanquished Creatures (others)
  14 hexers
  An ancestor (D:6)
  A bush (Lair:6)
  22 foxfires
  23 fungi
  67 plants
128 creatures vanquished.

Grand Total: 479 creatures vanquished

Notes
Turn   | Place    | Note
-------+----------+-------------------------------------------
     0 | D:5      | flotson the Demonspawn Delver began the quest for the Orb.
     0 | D:5      | Reached XP level 1. HP: 18/18 MP: 1/1
     8 | D:5      | Noticed an iguana
    41 | D:5      | Gained mutation: A meltable shield of frost defends you.
                  | (SH +4) [demonic ancestry]
    41 | D:5      | Reached XP level 2. HP: 3/24 MP: 2/2
    75 | D:5      | Found a glowing drain.
   318 | Sewer    | Entered a sewer
   766 | Sewer    | Reached XP level 3. HP: 27/29 MP: 3/3
  1440 | Sewer    | Reached skill level 5 in Stealth
  1900 | D:1      | Reached skill level 1 in Armour
  2010 | D:1      | Gained mutation: You have a pair of small horns on your
                  | head. [demonic ancestry]
  2010 | D:1      | Reached XP level 4. HP: 28/35 MP: 4/4
  3242 | D:2      | Found a faded altar of an unknown god.
  3249 | D:2      | Got Plato's Guide on the Blaze
  3758 | D:3      | Upgraded the game from 0.28-a0-983-g1de4e0787c to
                  | 0.28-a0-1087-gf3fc490d9d
  4163 | D:3      | Noticed Ijyb
  4180 | D:3      | Gained mutation: You have a pair of horns on your head.
                  | [demonic ancestry]
  4180 | D:3      | Reached XP level 5. HP: 38/41 MP: 5/5
  4206 | D:3      | Paralysed by Ijyb for 6 turns
  4213 | D:3      | Paralysed by Ijyb for 4 turns
  4221 | D:3      | Killed Ijyb
  4472 | D:3      | Noticed Jessica
  4473 | D:3      | Killed Jessica
  4701 | D:4      | Found a staircase to the Ecumenical Temple.
  4708 | Temple   | Entered the Ecumenical Temple
  4876 | Temple   | Became a worshipper of Hepliaklqana the Forgotten
  4893 | D:4      | Identified the +1 robe "Igirr" {rElec Will- Int-5 Slay+6}
  5081 | D:4      | Noticed a water moccasin
  5090 | D:4      | Killed a water moccasin
  5091 | D:4      | Reached skill level 1 in Evocations
  5091 | D:4      | Gained mutation: Spells you cast may paralyse adjacent
                  | enemies. [demonic ancestry]
  5091 | D:4      | Reached XP level 6. HP: 48/48 MP: 6/6
  5412 | D:4      | Reached skill level 4 in Fighting
  5998 | D:5      | Found a shadowy altar of Dithmenos.
  6118 | D:5      | Reached * piety under Hepliaklqana
  6365 | D:5      | Reached XP level 7. HP: 38/48 MP: 7/7
  6669 | D:5      | Reached skill level 1 in Throwing
  6932 | D:6      | Found a snail-covered altar of Cheibriados.
  7074 | D:6      | Reached skill level 1 in Shields
  7318 | D:6      | Reached skill level 1 in Polearms
  7335 | D:6      | Got the Guide on Earth and Calling
  7347 | D:6      | Found an opulent altar of Gozag.
  7434 | D:6      | Reached XP level 8. HP: 46/54 MP: 8/8
  7728 | D:6      | Reached ** piety under Hepliaklqana
  7729 | D:6      | Remembered your ancestor Huemac as a hexer
  7914 | D:7      | Reached skill level 5 in Fighting
  7974 | D:7      | Noticed Dowan
  7975 | D:7      | Noticed Duvessa
  7992 | D:7      | Killed Dowan
  7995 | D:7      | Killed Duvessa
  9135 | D:7      | Found a shimmering altar of Xom.
  9137 | D:7      | Noticed Joseph
  9151 | D:7      | Killed Joseph
  9152 | D:7      | Reached skill level 1 in Crossbows
  9152 | D:7      | Reached XP level 9. HP: 41/61 MP: 9/9
  9665 | D:8      | Found a staircase to the Lair.
 10121 | D:8      | Found a sparkling altar of Nemelex Xobeh.
 10619 | D:8      | Reached skill level 6 in Fighting
 11041 | D:8      | Reached skill level 5 in Dodging
 11427 | D:8      | Found a basalt altar of Yredelemnul.
 11550 | D:8      | Found a burning altar of Makhleb.
 11650 | D:8      | Found an iron altar of Okawaru.
 11694 | D:9      | Reached *** piety under Hepliaklqana
 12106 | D:9      | Noticed a two-headed ogre
 12113 | D:9      | Killed a two-headed ogre
 12114 | D:9      | Reached skill level 5 in Armour
 12114 | D:9      | Reached skill level 5 in Evocations
 12114 | D:9      | Gained mutation: A meltable icy envelope protects you from
                  | harm. (AC +4) [demonic ancestry]
 12114 | D:9      | Reached XP level 10. HP: 69/69 MP: 10/10
 12116 | D:9      | Learned a level 1 spell: Foxfire
 12160 | D:9      | Noticed a two-headed ogre
 12207 | D:9      | Killed a two-headed ogre
 12255 | D:9      | Noticed a two-headed ogre
 12270 | D:9      | Killed a two-headed ogre
 12271 | D:9      | Reached skill level 1 in Spellcasting
 12271 | D:9      | Reached skill level 1 in Conjurations
 12271 | D:9      | Reached skill level 1 in Fire Magic
 12868 | D:9      | Found a stormy altar of Qazlal.
 13538 | D:10     | Entered Level 10 of the Dungeon
 13560 | D:10     | Noticed Fannar
 13601 | D:10     | Killed Fannar
 13801 | D:10     | Found a radiant altar of Vehumet.
 13846 | D:10     | Gained mutation: You are partially covered in slimy green
                  | scales. (AC +2) [demonic ancestry]
 13846 | D:10     | Reached XP level 11. HP: 74/74 MP: 14/14
 13962 | D:10     | Found a hide-covered altar of Uskayaw.
 14039 | D:10     | Reached **** piety under Hepliaklqana
 14052 | D:10     | Reached skill level 7 in Fighting
 14067 | D:10     | Reached skill level 5 in Throwing
 14887 | Lair:1   | Entered Level 1 of the Lair of Beasts
 15411 | Lair:1   | Reached skill level 1 in Invocations
 15801 | Lair:2   | Found a runed translucent gate.
 15810 | Lair:2   | Found a runed translucent gate.
 15811 | Lair:2   | Found a runed translucent gate.
 15814 | Lair:2   | Noticed Mium Ilu's ghost (journeyman MiFi)
 15824 | Lair:2   | Reached skill level 5 in Shields
 16125 | Lair:2   | Reached skill level 5 in Polearms
 16764 | Lair:2   | Noticed a seven-headed hydra
 16772 | Lair:2   | Killed a seven-headed hydra
 16807 | Lair:2   | Reached ***** piety under Hepliaklqana
 17498 | Lair:3   | Found a staircase to the Shoals.
 17523 | Lair:3   | Reached XP level 12. HP: 17/81 MP: 17/17
 17841 | Lair:3   | Identified the +2 plate armour of Fiorait {Str+3 SInv}
 18139 | Lair:3   | Found a snail-covered altar of Cheibriados.
 18973 | Lair:4   | Found a hole to the Spider Nest.
 19690 | Lair:4   | Reached skill level 8 in Fighting
 21660 | Lair:5   | Noticed Nessos
 21671 | Lair:5   | Killed Nessos
 22399 | Lair:6   | Entered Level 6 of the Lair of Beasts
 23251 | Lair:4   | Reached XP level 13. HP: 29/89 MP: 19/19
 24370 | Lair:6   | Noticed a dire elephant
 24403 | Lair:6   | Demolished by a dire elephant

Illustrated notes

Levels and vault maps discovered:
D:1:      minmay_arrival_cross, layout_basic, minmay_misc_feat_plants
D:2:      layout_basic, shapermc_ecumenical_altar_rom_forum, serial_rivers,
          chequers_serial_rivers_micro_b, chequers_serial_rivers_micro_e,
          chequers_serial_rivers_micro_e, chequers_serial_rivers_large_b,
          chequers_serial_rivers_micro_e
D:3:      layout_basic, minivault_19, uniq_ijyb, uniq_jessica
D:4:      layout_basic, temple_statues, serial_bayou_pond_c, kennysheep_boxes
D:5:      layout_loops_corners, grunt_dithmenos_smoke, portal_sewer_entry_a,
          eino_curves_03
D:6:      layout_cave_pools, chequers_temple_overflow_statue_of_worship,
          minmay_misc_feat_doors
D:7:      layout_basic, mainiacjoe_overflow_catwalk, kennysheep_generic_room_8,
          uniq_joseph, uniq_duvessa
D:8:      layout_loops_cross, nicolae_yredelemnul_corpse_copse,
          lemuel_round_altar, mainiacjoe_overflow_big_doors, lair_entry_dummy
D:9:      layout_layer_cave, grunt_qazlal_sundering
D:10:     layout_gridville, vehumet_crystals,
          nicolae_uskayaw_murder_on_the_dancefloor, serial_bayou_pond_c,
          minmay_diced_spiral, uniq_fannar
Temple:   chequers_temple_sunken
Lair:1:   layout_small_grid, infiniplex_staircase_pool, grunt_megastairs_4
Lair:2:   layout_loops_ring, gammafunk_ghost_split
Lair:3:   layout_cellular_growth, minmay_shoals_entry_hut,
          kennysheep_snail_temple
Lair:4:   layout_roguey, spider_nest_entry_a, minivault_26
Lair:5:   layout_hall_layers, minivault_19, uniq_nessos
Lair:6:   gammafunk_lair_ancient_temple, layout_misc_corridors,
          minmay_slime_entry_oklob_enclosed, minivault_23

Skill      XL: |  1  2  3  4  5  6  7  8  9 10 11 12 |
---------------+-------------------------------------+-----
Axes           | 2 3 |  3.8
Dodging        | 2 3 4 5 6 7 |  7.6
Stealth        | 5 |  5.2
Armour         | 1 2 3 4 5 6 7 |  7.4
Evocations     | 1 2 4 5 6 7 |  7.8
Fighting       | 4 5 6 7 8 |  8.7
Throwing       | 1 3 4 5 6 |  6.8
Shields        | 1 2 3 4 5 6 |  6.6
Polearms       | 1 2 3 4 5 6 |  6.6
Crossbows      | 1 2 |  2.8
Spellcasting   | 2 3 4 |  4.0
Conjurations   | 2 3 4 |  4.4
Fire Magic     | 2 3 4 |  4.0
Invocations    | 1 |  1.0

Action                   |  1- 3 |  4- 6 |  7- 9 | 10-12 | 13-15 || total
-------------------------+-------+-------+-------+-------+-------++-------
Melee: Hand axe          |   146 |    92 |       |       |       ||   238
       Headbutt          |       |    31 |    35 |    75 |     4 ||   145
       Halberd           |       |   122 |   105 |   398 |    51 ||   676
       Trident           |       |       |   117 |       |       ||   117
 Fire: Hand crossbow     |       |       |    70 |    14 |    14 ||    98
Throw: Javelin           |       |       |    14 |    10 |     2 ||    26
 Cast: Foxfire           |       |       |       |     6 |     7 ||    13
Invok: Ancestor Life: He |       |       |     1 |       |       ||     1
       Recall Ancestor   |       |       |       |     2 |     2 ||     4
Evoke: Wand              |       |     3 |    10 |    10 |       ||    23
       Lightning rod     |       |       |       |     3 |       ||     3
  Use: Potion            |     2 |       |       |     1 |       ||     3
       Scroll            |     1 |       |     9 |     7 |     1 ||    18
 Stab: Sleeping          |     8 |    13 |     3 |    16 |       ||    40
       Paralysed         |       |     5 |       |       |       ||     5
       Distracted        |       |       |     3 |     8 |       ||    11
       Confused          |       |       |     2 |     6 |       ||     8
Armor: Leather armour    |    59 |     9 |       |       |       ||    68
       Ring mail         |       |    34 |    72 |   130 |    24 ||   260
Dodge: Dodged            |   113 |    94 |   124 |   249 |    66 ||   646
Block: Other             |    39 |    30 |    19 |    65 |    14 ||   167
       Buckler           |       |       |    11 |       |       ||    11
       Kite shield       |       |       |    46 |       |       ||    46

Table legend: (Time is in decaauts)
 A = Elapsed time spent in this place.
 B = Non-inter-level travel time spent in this place.
 C = Inter-level travel time spent in this place.
 D = Time resting spent in this place.
 E = Time spent auto-exploring this place.
 F = Levels seen in this place.
 G = Mean time per level.
                   A        B        C        D        E       F      G
               +--------+--------+--------+--------+--------+-----+--------+
         Total |  25055 |  23981 |   1074 |   2713 |  17272 |  18 | 1391.9 |
       Dungeon |  13709 |  13017 |    692 |    411 |  10464 |  10 | 1370.9 |
        Temple |    220 |    199 |     21 |      0 |    193 |   1 |  220.0 |
          Lair |   9622 |   9261 |    361 |   1944 |   6101 |   6 | 1603.7 |
         Sewer |   1502 |   1502 |      0 |    358 |    513 |   1 | 1502.0 |
               +--------+--------+--------+--------+--------+-----+--------+

Top non-repeatable levels by time:
  Lair:4: 2706 daAuts
  Lair:3: 2125 daAuts
     D:8: 2064 daAuts
     D:7: 1830 daAuts
  Lair:5: 1783 daAuts
     D:9: 1649 daAuts
  Lair:2: 1543 daAuts
   Sewer: 1502 daAuts
     D:5: 1472 daAuts
     D:1: 1388 daAuts
    D:10: 1329 daAuts
     D:6: 1300 daAuts
     D:4: 910 daAuts
     D:2: 887 daAuts
     D:3: 876 daAuts
